WizOfPoland, chaotic male vampiric Barbarian --------- -------- --- ---.......--- --.......--- --.. --...........-- ...........-- -- --...... --..<%...(.....-- ............-- .-- |......... |..?.........(..| .......^......| ......| ...%........ -...............---*............ -- ..........- | .......... |....... .........|........^. . ..| .......... | |..... #......... 0......#.%...............# ^...............# ....| ......................................................................| # ...................................................{.# .......... ........................................ #............ #.@I%%............# |.................| .............| --...............-- ....-- |...............| | --......?......-- --...........-- ---.......--- --------- WizOfPoland the Bandit Experience level: 9 Strength: 18/02 Dexterity: 18 Constitution: 16 Intelligence: 7 Wisdom: 8 Charisma: 6 Health: 0(72) Energy: 39(39) AC: 8 Gold: 0 Moves: 2392 Your Inventory: Weapons a - an uncursed rusty +0 battle-axe (weapon in hands) b - an uncursed +0 short sword Armor c - an uncursed rusty +0 ring mail (being worn) Scrolls j - an [uncursed] scroll labeled ZLORFIK [of enchant weapon] o - an [uncursed] scroll labeled ABRA KA DABRA [of enchant armor] Spellbooks e - an [uncursed] colorful spellbook [of cure blindness] Potions d - an uncursed potion of vampire blood k - an [uncursed] milky potion [of healing] Tools i - an [uncursed] can of grease [0:8] l - an [uncursed +0] pick-axe (alternate weapon; not wielded) Gems p - 4 [uncursed] green gems [emerald] q - 3 [uncursed] red gems [ruby] r - 7 [uncursed] rocks s - 2 [uncursed] white gems [worthless glass] t - an [uncursed] gray stone [luckstone] w - 2 [uncursed] orange gems [worthless glass] x - an [uncursed] red gem [worthless glass] y - 2 [uncursed] white gems [diamond] Spells known in the end: Name Level Category Fail Memory Your skills at the end: Fighting Skills bare handed combat [Basic / Master] Weapon Skills axe [Skilled / Expert] short sword [Basic / Expert] Spellcasting Skills Final Attributes: You were piously aligned. Hunger level was 659. Your alignment was 21 / 21. Monster difficulty range was 2 - 10. Level difficulty was 12. You were immune to poison. You were immune to level-drain. You were blinded. You could fly. You could survive without air. You regenerated. You were fast. You were lucky (3). You had extra luck. Bad luck did not time out for you. Good luck did not time out for you. You are dead. Vanquished creatures: a pyrolisk a tengu a pit viper a chameleon a giant spider a gnome king an ape 4 soldier ants 5 fire ants a wood nymph a yellow light 13 gnome lords 4 gnomish wizards a kobold mummy a red naga hatchling a paper golem a little dog a kitten 12 dwarves 3 hill orcs a monkey a wererat 2 iguanas 6 hobbits a hobgoblin 54 gnomes a gnome zombie a jackal 2 foxes 2 goblins a bat a newt 128 creatures vanquished. Voluntary challenges: You used a wielded weapon 139 times. You read items or engraved 5 times. You put on armor 1 time. You never genocided any monsters. You never polymorphed an object. You never changed form. You used no wishes. You wrote Elbereth's name 4 times. You never encountered a bones level. You never used any Sokoban shortcuts. Dungeon overview: The Dungeons of Doom: levels 1 to 12 Level 1 a long staircase Level 2 stairs to The Gnomish Mines Level 6 many fountains Level 7 a sink stairs to Sokoban Level 9 a fountain Level 10 a fountain, many trees Level 12 <- You were here a fountain, many trees The Gnomish Mines: levels 3 to 10 Level 3 stairs to The Dungeons of Doom Level 5 some shops, a temple, a magic chest, some fountains Sokoban: Level 6 a magic chest stairs to The Dungeons of Doom History has recorded: On T:1 you entered the Dungeons of Doom to retrieve the Amulet of Yendor! On T:104 you reached level 2 of The Dungeons of Doom. On T:133 you reached level 1 of The Gnomish Mines. On T:136 you advanced to experience level 2. On T:142 you advanced to experience level 3. On T:164 you advanced to experience level 4. On T:204 you advanced to experience level 5. On T:643 you reached level 2 of The Gnomish Mines. On T:684 you advanced to experience level 6. On T:792 you reached level 3 of The Gnomish Mines. On T:1056 you reached level 4 of The Gnomish Mines. On T:1092 you advanced to experience level 7. On T:1098 you reached level 5 of The Gnomish Mines. On T:1140 you reached level 7 of The Gnomish Mines. On T:1170 you reached level 8 of The Gnomish Mines. On T:1320 you advanced to experience level 8. On T:1877 you reached level 3 of The Dungeons of Doom. On T:1902 you reached level 4 of The Dungeons of Doom. On T:1914 you reached level 5 of The Dungeons of Doom. On T:2007 you reached level 6 of The Dungeons of Doom. On T:2080 you reached level 7 of The Dungeons of Doom. On T:2110 you reached level 3 of Sokoban. On T:2195 you received advice from The Oracle. On T:2269 you reached level 8 of The Dungeons of Doom. On T:2286 you reached level 9 of The Dungeons of Doom. On T:2301 you reached level 10 of The Dungeons of Doom. On T:2362 you reached level 11 of The Dungeons of Doom. On T:2364 you advanced to experience level 9. On T:2380 you reached level 12 of The Dungeons of Doom. Latest messages: The winter wolf cub breathes frost! The blast of frost hits you! The blast of frost bounces! [HP-8=21] You smite the tengu! You bite the tengu. The tengu bites! [HP-3=18] You kill the tengu! The winter wolf cub bites! The giant spider bites! [HP-6=12] [HP+1=13] You smite the rodent of unusual size! You bite the rodent of unusual size. [HP+1=14] You smite the rodent of unusual size! You bite the rodent of unusual size. The rodent of unusual size bites! The winter wolf cub bites! [HP-10=4] You scrawl "Elbereth" with your fingers onto the floor. The yellow light explodes! You are blinded by a blast of light! It bites! You die... Final status: Goodbye WizOfPoland the Barbarian... You died in The Dungeons of Doom on dungeon level 12 with 6003 points, and 0 pieces of gold, after 2392 moves. You were level 9 with a maximum of 72 hit points when you died.